 Dungeon Crawl Stone Soup version 0.29-a0-323-g050149af67 (webtiles) character file.

Game seed: 8365394966746700613

17864 Ajdolov the Stormcaller (level 12, 0/73 HPs)
             Began as a Tengu Air Elementalist on Apr 10, 2022.
             Was a Priest of Sif Muna.
             Slain by a freezing wraith (2 damage)
             ... on level 10 of the Dungeon.
             The game lasted 00:34:35 (16315 turns).

Ajdolov the Stormcaller (Tengu Air Elementalist)   Turns: 16315, Time: 00:34:36

Health: 0/73       AC:  9    Str:  9    XL:     12   Next: 52%
Magic:  1/28       EV: 14    Int: 26    God:    Sif Muna [***...]
Gold:   1212       SH:  0    Dex: 15    Spells: 17/33 levels left

rFire   + . .      SeeInvis .   r - staff of air
rCold   . . .      Faith    .   (no shield)
rNeg    . . .      Spirit   .   H - +2 robe {rF+}
rPois   .          Reflect  .   Q - +1 hat
rElec   +          Harm     .   V - +2 cloak
rCorr   .          Rampage  .   L - +0 pair of gloves
Will    +....                   (boots unavailable)
Stlth   ++........              h - amulet of regeneration
HPRegen 1.02/turn               n - ring of willpower
MPRegen 0.21/turn               y - +6 ring of intelligence

@: flying quickly and evasively, slowed, very slow
A: beak, talons 3, nimble flight
a: Renounce Religion, Channel Magic, Forget Spell


You were on level 10 of the Dungeon.
You worshipped Sif Muna.
Sif Muna was most pleased with you.
You visited 2 branches of the dungeon, and saw 11 of its levels.
You also visited: Bailey.

You collected 1212 gold pieces.

Inventory:

Missiles
 C - 2 throwing nets
Armour
 a - a +0 kite shield
 H - a +2 robe of fire resistance (worn)
 L - a +0 pair of gloves (worn)
 N - a +0 buckler
 Q - a +1 hat (worn)
 V - a +2 cloak (worn)
Magical Staves
 r - a staff of air (weapon)
Jewellery
 h - an amulet of regeneration (around neck)
 i - a ring of poison resistance
 n - a ring of willpower (left hand)
 y - a +6 ring of intelligence (right hand)
 E - a ring of protection from cold
 M - the ring of Lurr {Wiz +Blink Slay+2}
   (You found it on level 10 of the Dungeon)

   [ring of wizardry]

   It improves your spell success rate.
   Slay:      It affects your accuracy & damage with ranged weapons and melee
   (+2).
   +Blink:    It lets you blink.
Wands
 u - a wand of polymorph (21)
 D - a wand of paralysis (24)
 J - a wand of flame (17)
 R - a wand of iceblast (16)
Scrolls
 c - 5 scrolls of amnesia {unknown}
 d - 2 scrolls of enchant weapon {unknown}
 g - 11 scrolls of identify {unknown}
 k - 6 scrolls of teleportation
 o - 3 scrolls of vulnerability {unknown}
 p - 4 scrolls of magic mapping {unknown}
 q - 5 scrolls of enchant armour
 w - 3 scrolls of brand weapon {unknown}
 x - 2 scrolls of fear {unknown}
 z - 2 scrolls of immolation {unknown}
 F - a scroll of holy word {unknown}
 U - a scroll of blinking {unknown}
Potions
 b - 2 potions of magic
 e - a potion of invisibility {unknown}
 f - 5 potions of lignification
 j - 2 potions of berserk rage {unknown}
 l - 2 potions of might {unknown}
 m - 2 potions of resistance {unknown}
 s - 2 potions of cancellation {unknown}
 t - a potion of haste {unknown}
 v - 2 potions of attraction {unknown}
 A - 2 potions of curing
 B - 3 potions of mutation {unknown}
 G - 2 potions of degeneration {unknown}
 I - 2 potions of heal wounds {unknown}
 K - 2 potions of flight {unknown}


   Skills:
 - Level 8.0 Fighting
 - Level 2.1 Dodging
 - Level 2.0 Stealth
 - Level 11.0 Spellcasting
 - Level 8.0 Conjurations
 * Level 4.9 Ice Magic
 - Level 15.0 Air Magic
 * Level 3.8 Invocations


You had 17 spell levels left.
You knew the following spells:

 Your Spells              Type           Power      Damage    Failure   Level
a - Shock                 Conj/Air       100%       1d9       1%          1
b - Airstrike             Air            47%        N/A       1%          4
c - Freezing Cloud        Conj/Ice/Air   38%        6-21      2%          5
d - Conjure Ball Lightni  Conj/Air       42%        3x3d15    5%          6

Your spell library contained the following spells:

 Spells                   Type           Power      Damage    Failure   Level
 Static Discharge         Conj/Air       84%        N/A       1%          2
 Mephitic Cloud           Conj/Pois/Air  69%        N/A       1%          3
 Swiftness                Air            95%        N/A       1%          3
 Lightning Bolt           Conj/Air       42%        1d61      1%          5
 Ensorcelled Hibernation  Hex/Ice        54%        N/A       2%          2
 Animate Skeleton         Necr           28%        N/A       4%          1
 Apportation              Tloc           28%        N/A       4%          1
 Pain                     Necr           56%        1d6       4%          1
 Sublimation of Blood     Necr           14%        N/A       6%          2
 Wereblood                Tmut           14%        N/A       6%          2
 Ignite Poison            Fire/Tmut/Pois 14%        N/A       12%         3
 Spider Form              Tmut/Pois      14%        N/A       12%         3
 Summon Guardian Golem    Hex/Summ       14%        N/A       12%         3
 Tukima's Dance           Hex            14%        N/A       12%         3
 Vampiric Draining        Necr           14%        2d7       12%         3
 Anguish                  Hex/Necr       7%         N/A       38%         4
 Alistair's Intoxication  Tmut/Pois      9%         N/A       75%         5
 Starburst                Conj/Fire      17%        6d6       77%         6
 Orb of Destruction       Conj           27%        9d9       78%         7
 Malign Gateway           Summ/Tloc      7%         N/A       100%        7
 Spellforged Servitor     Conj/Summ      17%        N/A       100%        7
 Summon Hydra             Summ           7%         N/A       100%        7
 Borgnjor's Revivificati  Necr           7%         N/A       100%        8
 Necromutation            Tmut/Necr      7%         N/A       100%        8
 Death's Door             Necr           7%         N/A       100%        9


Dungeon Overview and Level Annotations

Branches:
Dungeon (10/15)            Temple (1/1) D:6          Bailey (visited)
   Lair: D:8-11         Orc: D:9-12

Altars:
Ashenzari
Dithmenos
Elyvilon
Fedhas
Hepliaklqana
Makhleb
Nemelex Xobeh
Okawaru
Ru
Sif Muna
Trog
Uskayaw
Vehumet
Xom
Yredelemnul
Zin
The Shining One

Shops:
D:2 (

Annotations:
D:3 exclusion: sky beast


Innate Abilities, Weirdness & Mutations

You have a beak for a mouth.
You have claws for feet.
Your magical nature lets you fly swiftly and evasively.


Message History

Something hits your ball lightning!
Your ball lightning explodes!
The blast of lightning engulfs your ball lightning.
Your ball lightning completely resists.
A ball lightning is nearby!
You start resting.
A freezing wraith is nearby!
Casting: Conjure Ball Lightning (dangerous; 5% risk of failure)
Confirm with . or Enter, or press ? or * to list all spells.
Aiming: Airstrike (safe; 1% risk of failure)
Press: ? - help, Dir - move target, f - freezing wraith
Aim: a freezing wraith (heavily damaged, empty space bonus: 4/8)
You feel a surge of power!
The air twists around and strikes the freezing wraith.
The freezing wraith is heavily damaged.
Unknown command.
Casting: Airstrike (safe; 1% risk of failure)
Confirm with . or Enter, or press ? or * to list all spells.
Aiming: Airstrike (safe; 1% risk of failure)
Press: ? - help, Dir - move target, f/p - freezing wraith
Aim: a freezing wraith (heavily damaged, empty space bonus: 4/8)
You feel a surge of power!
The air twists around and strikes the freezing wraith!
The freezing wraith is almost destroyed.
The freezing wraith misses you. The freezing wraith hits you.
The freezing wraith drains your vigour!
You feel yourself slow down.
Casting: Airstrike (safe; 1% risk of failure)
Confirm with . or Enter, or press ? or * to list all spells.
You don't have enough magic to cast this spell.
Unknown command.
Unknown command.
You hit the freezing wraith but do no damage.
Your kick misses the freezing wraith.
The freezing wraith is almost destroyed.
The freezing wraith hits you!
* * * LOW HITPOINT WARNING * * *
The freezing wraith freezes you!
* * * LOW HITPOINT WARNING * * *
The freezing wraith hits you.
You die...

#.#....#.........#P...P#)#.#.#.
#.#..............#######.#.#.).
#.#..##......).#..........#.#..
###.#......##....#.#.#.####..#.#.
..#........##......##.#.#.#...#.#
#.....###.###............#####.#.
...........##......####...##.#.#.
..#.#..........#.#..##.####..##.#
..#.#...#..##..#@#...*.....#.#.#.
..#.#..........#.W.###'###.#.#.#.
..#.....##.##..###.# ....#..#....
...............#...# ###.#....##.
#..##......##..#.#.#.#)#.#.#### .
#..##########......#.#'#.#...# .
#..# #.####.#.....#.#.# $ #..#
#......#######.###.#. ...#
######...............


You could see a freezing wraith.

Vanquished Creatures
  Gastronok (D:8)
  2 hydras
  2 centaur warriors (D:9)
  2 boulder beetles (D:10)
  3 two-headed ogres
  Urug (D:10)
  Pikel (D:8)
  An orc sorcerer (Bailey)
  An ugly thing (D:9)
  A manticore (D:10)
  2 cyclopes
  Maurice (D:8)
  Maggie (D:8)
  A kobold demonologist (Bailey)
  A freezing wraith (D:9)
  A troll (D:9)
  A hornet (D:9)
  2 shadows (D:10)
  Sigmund (D:5)
  A yak (shapeshifter) (D:10)
  2 wyverns
  5 yaks
  2 steam dragons
  A vampire mosquito (D:9)
  2 acid dragons
  2 water moccasins
  12 orc warriors
  A black bear (D:5)
  An ogre (D:3)
  2 centaurs
  A phantom (D:3)
  2 kobold brigands
  4 lemures (D:8)
  6 bullfrogs
  2 necrophages (D:5)
  2 gnoll sergeants
  Blork the orc (D:6)
  A scorpion (D:5)
  6 wights
  3 killer bees (D:7)
  4 howler monkeys
  4 electric eels (Bailey)
  9 hounds
  4 jellies
  An orc priest (D:6)
  A gnoll shaman (D:8)
  2 iguanas
  16 orc wizards
  32 gnolls
  11 adders
  2 shadow imps (D:7)
  4 ufetubi
  A worm (D:4)
  4 dart slugs
  50 orcs
  5 endoplasms
  3 giant cockroaches
  12 goblins
  16 hobgoblins
  18 jackals
  5 quokkas
  5 ball pythons
  4 bats
  8 frilled lizards
  10 kobolds
  6 rats
322 creatures vanquished.

Vanquished Creatures (collateral kills)
  3 ball lightnings (D:10)
3 creatures vanquished.

Vanquished Creatures (others)
  An orc wizard (D:4)
  14 ball lightnings (D:10)
  A fungus (D:5)
  16 plants
32 creatures vanquished.

Grand Total: 357 creatures vanquished

Notes
Turn   | Place    | Note
-------+----------+-------------------------------------------
     0 | D:1      | Ajdolov the Tengu Air Elementalist began the quest for the
                  | Orb.
     0 | D:1      | Reached XP level 1. HP: 10/10 MP: 4/4
   373 | D:1      | Reached XP level 2. HP: 15/15 MP: 4/6
   678 | D:1      | You fall into a shaft and drop 1 floor!
   716 | D:1      | Reached skill level 5 in Air Magic
  1187 | D:2      | Reached XP level 3. HP: 19/19 MP: 2/7
  1450 | D:2      | Found Bufu's Weapon Boutique.
  1505 | D:2      | Reached skill level 6 in Air Magic
  1838 | D:2      | Reached XP level 4. HP: 24/24 MP: 3/8
  2602 | D:3      | Found a shadowy altar of Dithmenos.
  2654 | D:3      | Reached skill level 7 in Air Magic
  2807 | D:3      | Noticed an ogre
  2813 | D:3      | Killed an ogre
  2814 | D:3      | Reached skill level 8 in Air Magic
  2814 | D:3      | Gained mutation: Your magical nature lets you fly swiftly
                  | and evasively. [Tengu growth]
  2814 | D:3      | Reached XP level 5. HP: 28/28 MP: 2/9
  2851 | D:3      | Learned a level 4 spell: Airstrike
  2957 | D:3      | Found a sparkling altar of Nemelex Xobeh.
  3016 | D:3      | Noticed a sky beast
  3167 | D:3      | Noticed a phantom
  3169 | D:3      | Killed a phantom
  3170 | D:3      | Reached skill level 9 in Air Magic
  3170 | D:3      | Reached XP level 6. HP: 32/32 MP: 1/10
  4110 | D:4      | Reached skill level 10 in Air Magic
  4110 | D:4      | Reached XP level 7. HP: 28/36 MP: 3/11
  4618 | D:4      | Found a bloodstained altar of Trog.
  4956 | D:5      | Entered Level 5 of the Dungeon
  5011 | D:5      | HP: 1/54 [poisoned by a gnoll sergeant]
  5014 | D:5      | Reached skill level 11 in Air Magic
  5190 | D:5      | Found an iron altar of Okawaru.
  5423 | D:5      | Reached skill level 12 in Air Magic
  5423 | D:5      | Reached XP level 8. HP: 41/41 MP: 0/12
  5639 | D:5      | Found a glowing silver altar of Zin.
  6157 | D:5      | Reached skill level 13 in Air Magic
  6328 | D:5      | Found a broken altar of Ashenzari.
  6385 | D:5      | Noticed Sigmund
  6595 | D:5      | Killed Sigmund
  6596 | D:5      | Reached skill level 14 in Air Magic
  6811 | D:5      | Reached skill level 1 in Fighting
  6964 | D:5      | Reached XP level 9. HP: 41/47 MP: 7/13
  7593 | D:6      | Noticed Blork the orc
  7604 | D:6      | Killed Blork the orc
  7888 | D:6      | Got the Compendium of the Dislocated Oath
  7987 | D:6      | Found a staircase to the Ecumenical Temple.
  7997 | Temple   | Entered the Ecumenical Temple
  8153 | Temple   | Became a worshipper of Sif Muna the Loreminder
  8396 | D:6      | Found a basalt altar of Yredelemnul.
  8409 | D:6      | Found a sacrificial altar of Ru.
  8409 | D:6      | Found a hide-covered altar of Uskayaw.
  8409 | D:6      | Found a glowing golden altar of the Shining One.
  8410 | D:6      | Found a white marble altar of Elyvilon.
  8886 | D:7      | Found a flagged portal.
  8896 | Bailey   | Entered a bailey
  8981 | Bailey   | Noticed an orc sorcerer
  8984 | Bailey   | Killed an orc sorcerer
  9049 | Bailey   | Reached * piety under Sif Muna
  9171 | Bailey   | Reached skill level 5 in Fighting
  9171 | Bailey   | Reached skill level 15 in Air Magic
  9270 | Bailey   | Reached skill level 5 in Conjurations
  9310 | Bailey   | Noticed a kobold demonologist
  9388 | Bailey   | Reached XP level 10. HP: 56/59 MP: 4/17
  9481 | Bailey   | Killed a kobold demonologist
  9597 | Bailey   | Found an iron altar of Okawaru.
 10367 | D:7      | Reached ** piety under Sif Muna
 10368 | D:7      | Noticed a two-headed ogre
 10381 | D:7      | Killed a two-headed ogre
 10655 | D:7      | Reached skill level 5 in Spellcasting
 10695 | D:7      | Noticed a boulder beetle
 11032 | D:8      | Noticed Maggie
 11036 | D:8      | Killed Maggie
 11311 | D:8      | Noticed Gastronok
 11400 | D:7      | Learned a level 5 spell: Freezing Cloud
 11516 | D:8      | Noticed Pikel
 11519 | D:8      | Killed Pikel
 11636 | D:8      | Identified the +3 mace of the Trees {pain, rF+}
 11771 | D:8      | Noticed Maurice
 11811 | D:8      | Killed Maurice
 11812 | D:8      | Reached XP level 11. HP: 56/68 MP: 4/21
 12101 | D:8      | Killed Gastronok
 12947 | D:9      | Noticed a centaur warrior
 12951 | D:9      | Killed a centaur warrior
 12964 | D:9      | Noticed a brown ugly thing
 13206 | D:9      | Killed a brown ugly thing
 13393 | D:9      | Reached *** piety under Sif Muna
 13621 | D:9      | Noticed a centaur warrior
 13640 | D:9      | Killed a centaur warrior
 13659 | D:9      | Noticed a two-headed ogre
 13706 | D:9      | Killed a two-headed ogre
 13715 | D:9      | Reached skill level 10 in Spellcasting
 13934 | D:9      | Noticed a seven-headed hydra
 13937 | D:9      | Killed a seven-headed hydra
 14485 | D:9      | Noticed a cyclops
 14489 | D:9      | Killed a cyclops
 14490 | D:9      | Reached skill level 1 in Ice Magic
 14539 | D:9      | Reached XP level 12. HP: 73/73 MP: 11/27
 14830 | D:10     | Entered Level 10 of the Dungeon
 14832 | D:10     | Identified the +8 hunting sling of the Telling Priest
                  | {vorpal, rElec rCorr}
 14844 | D:10     | Noticed Urug
 14851 | D:10     | Killed Urug
 15191 | D:10     | Reached skill level 1 in Invocations
 15300 | D:10     | Identified the ring of Lurr {Wiz +Blink Slay+2}
 15506 | D:10     | Noticed a six-headed hydra
 15506 | D:10     | Noticed a boulder beetle
 15570 | D:10     | HP: 3/73 [boulder beetle (26)]
 15694 | D:10     | Killed a six-headed hydra
 15839 | D:10     | Acquired 462 gold pieces
 15840 | D:10     | Acquired Geukhl Peow's Incunabulum of Lethal Fire
 15879 | D:10     | Learned a level 6 spell: Conjure Ball Lightning
 15890 | D:10     | Noticed a two-headed ogre
 15897 | D:10     | Killed a two-headed ogre
 15987 | D:10     | Noticed a boulder beetle
 16005 | D:10     | Killed a boulder beetle
 16170 | D:10     | Killed a boulder beetle
 16315 | D:10     | HP: 2/73 [freezing wraith (12)]
 16315 | D:10     | Slain by a freezing wraith

Illustrated notes

Levels and vault maps discovered:
D:1:      onia_arrival_mini_maze, layout_basic
D:2:      layout_basic, serial_shops, nicolae_shop_bloodbath_and_beyond
D:3:      layout_rooms, nemelex_dance_club_becter,
          mainiacjoe_overflow_tiny_flanked, kennysheep_generic_room_2
D:4:      wad_pebble_path, layout_gridville,
          mainiacjoe_overflow_small_starburst,
          minmay_a_box_with_orc_wizards_in_it
D:5:      lemuel_castle_with_subvaults [lemuel_castle_interior_carwin_3],
          layout_rooms, marbit_many_paths, lemuel_crystal_altar, zin_statuary,
          water_maze_lemuel, uniq_sigmund
D:6:      layout_cave_pools, grunt_temple_overflow_open,
          yredelemnul_altar_generic, minmay_temple_entry_overgrown,
          amcnicky_mini_pool_small, uniq_blork_the_orc
D:7:      minmay_blocky_corners, layout_basic, general_overflow_altar,
          enter_bailey_3, kennysheep_big_empty_room, serial_bayou_crossing
D:8:      layout_basic, uniq_maggie, uniq_gastronok, uniq_maurice, uniq_pikel
D:9:      minmay_the_grid_octo_triangle [minmay_the_grid_octo_clover,
          minmay_the_grid_octo_prize_square_snowflake,
          minmay_the_grid_octo_odd_swirl], layout_gridville
D:10:     layout_basic, minmay_shattered_shrine, uniq_urug
Temple:   dpeg_chambers_temple

Skill      XL: |  1  2  3  4  5  6  7  8  9 10 11 12 |
---------------+-------------------------------------+-----
Air Magic      | 5 6 8 9 10 12 14 15 | 15.0
Fighting       | 1 5 8 |  8.0
Conjurations   | 2 5 8 |  8.0
Spellcasting   | 4 6 10 11 | 11.0
Ice Magic      | 1 4 |  4.9
Invocations    | 3 |  3.8
Dodging        | |  2.1
Stealth        | |  2.0

Action                   |  1- 3 |  4- 6 |  7- 9 | 10-12 || total
-------------------------+-------+-------+-------+-------++-------
Melee: Dagger            |     4 |     6 |       |       ||    10
       Unarmed           |     2 |       |       |       ||     2
       Kick              |     1 |     1 |    21 |     8 ||    31
       Staff             |       |       |    77 |    57 ||   134
       Peck              |       |       |    12 |     9 ||    21
       Punch             |       |       |     2 |       ||     2
 Cast: Shock             |    64 |    87 |   326 |   128 ||   605
       Airstrike         |       |     3 |    25 |   105 ||   133
       Freezing Cloud    |       |       |       |    37 ||    37
       Conjure Ball Ligh |       |       |       |    10 ||    10
Evoke: Wand              |       |       |       |     6 ||     6
  Use: Potion            |       |       |     2 |     1 ||     3
       Scroll            |       |       |     2 |     5 ||     7
 Stab: Sleeping          |       |       |     1 |       ||     1
Armor: Robe              |     3 |     5 |    17 |    12 ||    37
       Skin              |       |       |     5 |       ||     5
Dodge: Dodged            |     9 |    11 |    87 |    67 ||   174
Block: Other             |       |       |       |     5 ||     5

Table legend: (Time is in decaauts)
 A = Elapsed time spent in this place.
 B = Non-inter-level travel time spent in this place.
 C = Inter-level travel time spent in this place.
 D = Time resting spent in this place.
 E = Time spent auto-exploring this place.
 F = Levels seen in this place.
 G = Mean time per level.
                   A        B        C        D        E       F      G
               +--------+--------+--------+--------+--------+-----+--------+
         Total |  15786 |  15412 |    374 |   1791 |  10985 |  12 | 1315.5 |
       Dungeon |  14217 |  13866 |    351 |   1507 |  10115 |  10 | 1421.7 |
        Temple |    171 |    148 |     23 |      0 |    126 |   1 |  171.0 |
        Bailey |   1398 |   1398 |      0 |    284 |    743 |   1 | 1398.0 |
               +--------+--------+--------+--------+--------+-----+--------+

Top non-repeatable levels by time:
     D:5: 2624 daAuts
     D:9: 1782 daAuts
     D:8: 1761 daAuts
     D:2: 1434 daAuts
    D:10: 1432 daAuts
  Bailey: 1398 daAuts
     D:1: 1143 daAuts
     D:4: 1126 daAuts
     D:3: 1126 daAuts
     D:6: 981 daAuts
     D:7: 804 daAuts
  Temple: 171 daAuts
